 Dungeon Crawl Stone Soup version 0.29-a0-23-ga79f92ac9c (webtiles) character file.

Game seed: 15296529618112521571

68 Nattfarinn the Magician (level 4, -1/31 HPs)
             Began as a Djinni Necromancer on Jan 29, 2022.
             Slain by Ijyb (4 damage)
             ... on level 3 of the Dungeon.
             The game lasted 00:02:33 (3114 turns).

Nattfarinn the Magician (Djinni Necromancer)        Turns: 3114, Time: 00:02:34

Health: -1/31      AC:  2    Str:  7    XL:     4   Next: 41%
Gold:   127        EV: 12    Int: 18    God:
                   SH:  0    Dex: 14

rFire   + + .      SeeInvis .   i - +2 short sword (elec)
rCold   x . .      Faith    .   (no shield)
rNeg    . . .      Spirit   .   a - +0 robe
rPois   ∞          Reflect  .   (no helmet)
rElec   .          Harm     .   (no cloak)
rCorr   .          Rampage  .   (no gloves)
Will    .....                   (boots unavailable)
Stlth   ++........              j - amulet of the acrobat
HPRegen 0.10/turn               (no ring)
MPRegen 0.00/turn               (no ring)

@: flying
A: sickness immunity, fire resistance 2, cold vulnerability 1, float, innate
caster, HP casting, extra vitality 1
a: no special abilities


You were on level 3 of the Dungeon.
You visited 1 branch of the dungeon, and saw 3 of its levels.

You collected 127 gold pieces.

Inventory:

Hand Weapons
 f - a +0 short sword
 i - a +2 short sword of electrocution (weapon)
Armour
 a - a +0 robe (worn)
Jewellery
 j - an amulet of the acrobat (around neck)
Scrolls
 b - a scroll of brand weapon {unknown}
 c - a scroll of teleportation {unknown}
 d - 2 scrolls of identify {unknown}
 e - 2 scrolls of amnesia {unknown}
 h - a scroll of enchant weapon {unknown}
 l - a scroll of fear {unknown}
Potions
 g - a potion of berserk rage {unknown}
 k - a potion of brilliance {unknown}
 m - a potion of curing {unknown}


   Skills:
 - Level 2.1 Dodging
 - Level 1.5 Stealth
 + Level 4.4 Spellcasting


You couldn't memorise any spells.
You knew the following spells:

 Your Spells              Type           Power      Damage    Failure   Level
a - Pain                  Necr           80%        1d8       2%          1
b - Animate Skeleton      Necr           40%        N/A       2%          1
c - Vampiric Draining     Necr           20%        2d7       7%          3
d - Animate Dead          Necr           10%        N/A       22%         4
e - Agony                 Necr           20%        N/A       54%         5
f - Magic Dart            Conj           80%        1d7       2%          1
Your spell library was empty.

Dungeon Overview and Level Annotations

Branches:
Dungeon (3/15)

Altars:

Shops:
D:1 *

Annotations:
D:3 Ijyb


Innate Abilities, Weirdness & Mutations

You are immune to sickness and miasma.
You are immune to poison.
Your flesh is very heat resistant. (rF++)
You are vulnerable to cold. (rC-)
You float through the air rather than walking.
You learn spells naturally, not from books.
Your magical power is your life essence.
You have superior vitality. (+4 MHP)


Message History

The goblin hits you with a +0 dagger. Ijyb hits you with a +0 club.
* * * LOW HITPOINT WARNING * * *
You can move again.
Unknown command.
Unknown command.
Unknown command.
Unknown command.
Unknown command.
Unknown command.
Unknown command.
Unknown command.
Unknown command.
Unknown command.
Unknown command.
Unknown command.
Unknown command.
Unknown command.
Unknown command.
Unknown command.
Unknown command.
Unknown command.
Unknown command.
Unknown command.
Casting: Magic Dart (safe; 2% risk of failure)
Confirm with . or Enter, or press ? or * to list all spells.
The spell is quite dangerous to miscast (7% risk of failure)!
Continue anyway?
Aiming: Vampiric Draining (quite dangerous; 7% risk of failure)
Press: ? - help, Shift-Dir - straight line, f/p - Ijyb
Aim: Ijyb, wielding a +0 club and wearing a +0 scale mail (heavily wounded)
You draw life force from Ijyb!
You feel life coursing into your body. The goblin hits you with a +0 dagger.
* * * LOW HITPOINT WARNING * * *
Ijyb hits you with a +0 club.
* * * LOW HITPOINT WARNING * * *
You closely miss Ijyb.
Ijyb is severely wounded.
The goblin hits you with a +0 dagger.
* * * LOW HITPOINT WARNING * * *
Ijyb hits you with a +0 club.
You die...

...#.#
...#.##
.......
###.......
#.........
#.........
#.g.......
#.@g......
#......###
#......#
#......#
########


You could see Ijyb and a goblin.

Vanquished Creatures
  3 adders (D:2)
  A worm (D:2)
  2 dart slugs (D:1)
  An endoplasm (D:1)
  3 giant cockroaches
  3 goblins
  4 hobgoblins
  3 jackals (D:1)
  2 quokkas
  2 ball pythons (D:1)
  4 bats
  3 frilled lizards
  3 kobolds
  A rat (D:1)
35 creatures vanquished.

Notes
Turn   | Place    | Note
-------+----------+-------------------------------------------
     0 | D:1      | Nattfarinn the Djinni Necromancer began the quest for the
                  | Orb.
     0 | D:1      | Reached XP level 1. HP: 15/15 MP: 0/0
   387 | D:1      | Reached XP level 2. HP: 10/21 MP: 0/0
   737 | D:1      | Found a faded altar of an unknown god.
   740 | D:1      | Found Iziduq's General Store.
  1271 | D:1      | Reached XP level 3. HP: 13/25 MP: 0/0
  1271 | D:1      | Learned a level 1 spell: Magic Dart
  1943 | D:2      | Reached skill level 4 in Spellcasting
  2791 | D:2      | Reached XP level 4. HP: 27/31 MP: 0/0
  3104 | D:3      | Noticed Ijyb
  3109 | D:3      | Paralysed by Ijyb for 4 turns
  3114 | D:3      | Slain by Ijyb

Illustrated notes

Levels and vault maps discovered:
D:1:      elethiomel_arrival_infinity_welcomes_careful_drivers, layout_basic,
          serial_shops, shop_coins, basic_ecumenical_altar
D:2:      layout_loops_ring
D:3:      layout_basic, corexii_hall_statues_t, minmay_shallow_snake_nest,
          uniq_ijyb

Skill      XL: |  1  2  3 |
---------------+----------+-----
Spellcasting   | 4 |  4.4
Dodging        | |  2.1
Stealth        | |  1.5

Action                   |  1- 3 |  4- 6 || total
-------------------------+-------+-------++-------
Melee: Short sword       |    29 |     6 ||    35
 Cast: Pain              |    37 |       ||    37
       Magic Dart        |    30 |    10 ||    40
       Vampiric Draining |       |     1 ||     1
Armor: Robe              |     4 |       ||     4
Dodge: Dodged            |    28 |     3 ||    31

Table legend: (Time is in decaauts)
 A = Elapsed time spent in this place.
 B = Non-inter-level travel time spent in this place.
 C = Inter-level travel time spent in this place.
 D = Time resting spent in this place.
 E = Time spent auto-exploring this place.
 F = Levels seen in this place.
 G = Mean time per level.
                   A        B        C        D        E       F      G
               +--------+--------+--------+--------+--------+-----+--------+
         Total |   3115 |   3073 |     42 |      0 |   2847 |   3 | 1038.3 |
       Dungeon |   3115 |   3073 |     42 |      0 |   2847 |   3 | 1038.3 |
               +--------+--------+--------+--------+--------+-----+--------+

Top non-repeatable levels by time:
     D:1: 1914 daAuts
     D:2: 1191 daAuts
     D:3: 9 daAuts
